Map: Abyssal Reef LE

Players

LiquidSnute (Snute) - Winner!

  • Race: Zerg Zerg
  • League: Master
  • Spawn Location: 5:00

aLive

  • Race: Terran Terran
  • Spawn Location: 11:00

Event: HomeStory Cup XVI

VOD

Have the link to the VOD?

Description

Time

  • Played on: Nov. 11, 2017, 9:15 a.m.
  • Length: 45:52

All games in this series

Show
View Real Time Build Order
Export as new Build Order

LiquidSnute Zerg - Winner!

Build Orders: Pool First, Brood Lord Corruptor 

Get SALT Encoding   

  12  0:00  Drone  
  13  0:12  Overlord  
  13  0:16  Drone  
  14  0:31  Drone x2  
  14  0:34  Drone  
  17  0:44  Spawning Pool  
  17  0:48  Drone  
  17  1:09  Hatchery  
  17  1:11  Drone  
  17  1:14  Drone  
  17  1:16  Extractor  
  17  1:19  Drone  
  18  1:30  Queen  
  20  1:33  Zergling x2  
  20  1:39  Overlord  
  21  1:49  Drone  
  22  2:00  Drone  
  23  2:06  Queen  
  25  2:10  Drone  
  26  2:18  Metabolic Boost  
  26  2:20  Queen  
  26  2:22  Drone  
  29  2:23  Drone  
  30  2:31  Drone  
  30  2:32  Overlord  
  31  2:37  Drone x2  
  31  2:40  Drone  
  31  2:42  Drone  
  35  2:46  Overlord  
  35  2:54  Drone x2  
  37  3:06  Extractor  
  37  3:09  Zergling x4  
  37  3:11  Drone x3  
  41  3:14  Drone x3  
  41  3:19  Overlord  
  44  3:20  Drone  
  44  3:26  Hatchery  
  44  3:29  Drone  
  44  3:30  Drone  
  44  3:33  Queen  
  48  3:39  Queen  
  50  3:52  Drone x5  
  55  3:58  Drone x3  
  55  3:59  Drone  
  55  4:00  Drone  
  60  4:07  Overlord  
  60  4:12  Overlord  
  60  4:17  Overlord  
  60  4:23  Overlord  
  60  4:27  Evolution Chamber  
  60  4:30  Evolution Chamber, Queen x2  
  62  4:35  Zergling x12  
  68  4:39  Drone x2  
  70  4:46  Drone x2  
  72  4:53  Drone x3  
  72  4:54  Drone  
  72  4:56  Zerg Ground Armor Level 1  
  76  5:02  Drone x4  
  76  5:05  Queen  
  79  5:11  Drone x3  
  79  5:13  Drone x4  
  86  5:16  Zerg Missile Weapons Level 1, Roach Warren  
  86  5:18  Drone  
  86  5:21  Drone  
  86  5:23  Extractor  
  86  5:24  Extractor  
  86  5:25  Extractor  
  86  5:26  Extractor  
  86  5:27  Drone x2  
  85  5:33  Drone  
  85  5:34  Spore Crawler  
  82  5:35  Hatchery  
  82  5:36  Drone  
  82  5:38  Drone x2  
  82  5:42  Drone x2  
  86  5:45  Lair, Drone x2  
  88  5:51  Spore Crawler  
  88  5:52  Drone x2  
  88  5:53  Drone  
  88  5:54  Overlord  
  90  5:58  Overlord x2  
  90  6:01  Extractor  
  89  6:06  Overlord  
  89  6:07  Overlord  
  89  6:08  Drone  
  90  6:16  Drone  
  90  6:17  Drone x3  
  98  6:18  Roach x3  
  98  6:19  Roach, Queen  
  104  6:26  Roach  
  104  6:29  Roach, Spore Crawler  
  104  6:30  Roach  
  109  6:34  Roach  
  109  6:39  Roach  
  113  6:42  Roach  
  113  6:43  Roach x6  
  113  6:45  Glial Reconstitution  
  127  6:49  Infestation Pit, Overlord  
  126  6:54  Zerg Ground Armor Level 2  
  126  7:05  Overlord  
  126  7:10  Queen x2, Drone x6  
  126  7:11  Extractor  
  126  7:12  Roach  
  126  7:13  Roach x3  
  143  7:17  Ravager  
  143  7:19  Overlord  
  130  7:32  Zergling x18  
  133  7:39  Roach  
  133  7:40  Roach x3  
  133  7:42  Drone  
  126  7:48  Drone x2  
  126  7:50  Drone  
  125  7:55  Drone x2  
  127  7:58  Hive  
  127  7:59  Zerg Missile Weapons Level 2  
  127  8:01  Drone x2  
  127  8:05  Spire  
  128  8:06  Drone  
  128  8:07  Drone  
  128  8:08  Drone  
  128  8:10  Drone  
  132  8:13  Drone  
  132  8:15  Drone  
  132  8:16  Extractor  
  132  8:18  Drone  
  134  8:21  Drone  
  134  8:25  Infestor  
  137  8:29  Infestor  
  137  8:30  Drone x2  
  137  8:31  Drone x2  
  143  8:34  Roach x3  
  143  8:35  Spore Crawler  
  143  8:37  Ravager x2  
  150  8:46  Infestor  
  152  8:49  Roach x3  
  152  8:55  Burrow  
  158  8:57  Roach  
  160  9:05  Overlord x3  
  160  9:11  Zerg Ground Armor Level 3  
  160  9:23  Greater Spire  
  160  9:41  Ravager x3, Overlord x2, Spore Crawler  
  160  9:42  Roach  
  160  9:43  Roach x10  
  184  10:06  Corruptor x6  
  193  10:17  Zerg Missile Weapons Level 3  
  193  10:25  Spore Crawler  
  185  10:42  Roach x5  
  178  10:50  Brood Lord x4  
  170  10:58  Drone  
  170  10:59  Drone x10  
  170  11:00  Drone x7  
  186  11:08  Hatchery  
  185  11:18  Infestor x2  
  185  11:20  Zerg Flyer Armor Level 1  
  185  11:23  Ravager  
  185  11:24  Ravager x3  
  193  11:28  Pneumatized Carapace  
  193  11:52  Zerg Melee Weapons Level 1  
  166  12:06  Roach x5  
  169  12:10  Corruptor x3  
  169  12:11  Corruptor x3  
  169  12:14  Drone x4  
  183  12:22  Corruptor x3  
  181  12:28  Drone x3  
  181  12:29  Drone  
  189  12:38  Spore Crawler, Drone x4  
  189  12:42  Brood Lord x2  
  189  12:43  Brood Lord  
  197  12:50  Spore Crawler, Drone x2  
  198  12:54  Brood Lord  
  198  12:56  Spore Crawler  
  199  13:02  Spore Crawler  
  199  13:03  Spore Crawler  
  199  13:04  Roach  
  199  13:05  Roach, Spore Crawler  
  200  13:16  Zerg Flyer Armor Level 2  
  197  13:36  Brood Lord  
  199  13:47  Zerg Melee Weapons Level 2  
  199  13:58  Spore Crawler  
  199  13:59  Spore Crawler  
  195  14:07  Drone  
  195  14:08  Drone x2  
  192  14:11  Viper x2  
  192  14:16  Extractor  
  189  14:25  Brood Lord x2  
  189  14:26  Brood Lord  
  189  14:27  Viper  
  198  14:40  Hatchery  
  197  14:56  Spore Crawler x2  
  197  14:57  Spore Crawler x2  
  197  14:58  Spore Crawler  
  192  15:04  Brood Lord  
  192  15:07  Hatchery  
  193  15:08  Drone x7  
  200  15:20  Spore Crawler x2  
  198  15:22  Spore Crawler  
  198  15:28  Overlord x2  
  197  15:35  Spore Crawler  
  194  15:37  Spore Crawler  
  190  15:48  Drone x3  
  192  15:51  Drone x2  
  192  15:52  Drone x6  
  200  16:00  Overseer x3  
  200  16:01  Zerg Flyer Armor Level 3  
  200  16:05  Zerg Melee Weapons Level 3  
  200  16:06  Adrenal Glands  
  200  16:11  Ultralisk Cavern  
  199  16:15  Extractor  
  178  16:47  Drone x3  
  178  16:48  Drone x4  
  178  16:49  Drone x8  
  178  16:50  Queen x3  
  199  17:00  Chitinous Plating  
  199  17:02  Spore Crawler, Drone  
  199  17:04  Spore Crawler  
  199  17:05  Spore Crawler x3  
  195  17:13  Spore Crawler x2  
  193  17:20  Corruptor x3  
  196  17:48  Corruptor x2  
  189  18:18  Brood Lord  
  189  18:19  Viper x2  
  161  18:46  Drone x2  
  161  18:47  Drone x9  
  161  18:48  Drone x4  
  157  18:52  Drone x4  
  157  18:53  Spore Crawler  
  161  18:55  Spore Crawler  
  161  18:56  Roach  
  161  19:00  Zerg Flyer Weapons Level 1  
  161  19:01  Roach x5  
  169  19:03  Queen  
  169  19:04  Queen x4  
  169  19:07  Drone  
  169  19:09  Roach  
  184  19:10  Roach x4  
  186  19:19  Ravager  
  184  19:26  Drone x6  
  190  19:31  Ravager x2  
  190  19:32  Ravager x2  
  194  19:47  Overlord  
  194  19:56  Queen x2  
  198  20:05  Overseer x3  
  196  20:16  Corruptor  
  196  20:17  Corruptor x2  
  196  20:21  Extractor x2  
  188  20:30  Drone x6  
  188  20:31  Drone x2  
  188  20:32  Spore Crawler  
  193  20:39  Brood Lord  
  193  20:58  Hatchery  
  193  20:59  Spore Crawler x2  
  193  21:00  Spore Crawler  
  187  21:12  Spore Crawler  
  187  21:13  Drone x8  
  187  21:14  Drone x6  
  200  21:28  Spore Crawler  
  200  21:29  Spore Crawler  
  200  21:30  Spore Crawler  
  200  21:31  Spore Crawler  
  200  21:32  Spore Crawler x3  
  193  21:36  Spore Crawler  
  193  21:37  Spore Crawler x2  
  181  21:52  Infestor x3  
  182  21:58  Drone  
  182  21:59  Drone x7  
  187  22:04  Corruptor x5  
  187  22:05  Corruptor x2  
  156  22:37  Drone, Infestor x3  
  151  22:50  Corruptor  
  151  22:51  Corruptor x7  
  133  22:52  Queen x4  
  133  22:53  Queen  
  149  22:58  Corruptor  
  149  22:59  Corruptor x4  
  159  23:06  Corruptor  
  159  23:07  Corruptor x4  
  159  23:11  Ravager  
  159  23:12  Ravager x2  
  172  23:14  Drone x2  
  172  23:15  Drone x6  
  172  23:16  Ultralisk x2  
  197  23:25  Brood Lord  
  199  23:30  Spore Crawler  
  198  23:48  Spore Crawler  
  189  23:49  Spore Crawler  
  189  23:52  Brood Lord x2  
  189  23:53  Brood Lord x3  
  197  24:07  Brood Lord  
  197  24:09  Zergling x2  
  200  24:16  Zerg Flyer Weapons Level 2  
  200  24:17  Spore Crawler  
  200  24:18  Spore Crawler  
  200  24:20  Spore Crawler  
  200  24:22  Spore Crawler  
  196  24:31  Zergling x8  
  193  24:51  Zergling x2  
  193  24:52  Zergling x12  
  175  25:12  Zergling x2  
  175  25:13  Zergling x28  
  186  25:15  Ultralisk x2  
  177  25:58  Queen x5  
  179  26:07  Corruptor  
  179  26:08  Corruptor x2  
  185  26:11  Infestor x2  
  185  26:15  Zergling x8  
  185  26:16  Zergling x14  
  200  26:38  Corruptor x3  
  191  26:48  Ultralisk  
  194  27:10  Drone x4  
  194  27:11  Drone x2  
  194  27:14  Zerg Flyer Weapons Level 3  
  200  27:33  Spore Crawler  
  200  27:35  Spore Crawler  
  200  27:36  Extractor, Spore Crawler  
  200  27:37  Extractor  
  194  27:55  Ultralisk  
  190  28:10  Zergling x20  
  194  29:06  Spore Crawler  
  194  29:08  Zergling x2  
  194  29:09  Zergling x14  
  197  29:19  Zergling x2  
  197  29:20  Zergling x6  
  197  29:31  Zergling x10  
  197  29:32  Zergling x2  
  200  29:40  Ultralisk  
  193  30:30  Zergling x14  
  194  30:40  Spore Crawler  
  194  30:41  Spore Crawler  
  194  30:42  Spore Crawler  
  172  30:54  Infestor x2  
  164  30:57  Ultralisk x4  
  182  31:11  Ultralisk x2  
  188  31:25  Ultralisk x2  
  198  31:34  Pathogen Glands  
  198  31:39  Hatchery  
  189  32:00  Drone x2  
  191  32:04  Zergling x16  
  175  32:52  Queen x3  
  175  32:53  Ultralisk x2  
  175  32:55  Zergling x26  
  192  33:19  Brood Lord  
  176  33:24  Infestor x2  
  176  33:26  Corruptor, Brood Lord x3  
  176  33:27  Corruptor x6  
  189  34:16  Hatchery  
  189  34:17  Queen x3, Zergling x24  
  198  34:30  Queen  
  184  35:04  Zergling x18  
  193  35:11  Ultralisk  
  199  35:18  Ultralisk  
  174  35:26  Ultralisk  
  174  35:27  Ultralisk x3  
  195  35:35  Ultralisk  
  181  36:31  Overlord  
  155  40:57  Hatchery  
  124  42:31  Drone x2  
  124  42:32  Drone  
  124  42:33  Drone x2  
  123  44:46  Hatchery  
Show
View Real Time Build Order
Export as new Build Order

aLive Terran 

Build Orders: Gas First Reaper Expand, Liberator Opening, Reaper Expand, MMM Bio 

Get SALT Encoding   

  12  0:00  SCV  
  13  0:13  SCV  
  14  0:19  Supply Depot  
  14  0:25  SCV  
  15  0:28  Refinery  
  15  0:40  SCV  
  16  0:44  Barracks  
  16  0:52  SCV  
  17  1:04  SCV  
  18  1:16  SCV  
  19  1:32  Reaper, Orbital Command  
  20  1:43  Command Center  
  20  1:54  Factory  
  20  1:57  SCV  
  21  2:04  Refinery  
  21  2:06  Barracks Reactor  
  21  2:09  SCV  
  22  2:15  Supply Depot  
  22  2:21  SCV  
  23  2:37  SCV  
  23  2:38  Starport  
  23  2:41  Widow Mine  
  23  2:43  Marine x2  
  28  2:49  SCV  
  29  2:55  Orbital Command  
  29  3:01  SCV  
  29  3:02  Marine x2  
  32  3:14  Medivac, SCV  
  32  3:18  Cyclone  
  38  3:23  SCV  
  38  3:24  Marine  
  38  3:25  Marine  
  41  3:32  SCV  
  41  3:33  Liberator  
  42  3:35  SCV  
  42  3:40  Supply Depot  
  46  4:02  SCV x2  
  48  4:05  Command Center  
  48  4:14  SCV x2  
  52  4:20  Supply Depot  
  52  4:21  Factory Reactor  
  50  4:25  Barracks Tech Lab  
  50  4:26  SCV x2  
  52  4:33  Barracks  
  52  4:36  Barracks  
  52  4:38  SCV x2  
  52  4:40  Supply Depot  
  52  4:44  Stimpack  
  54  4:47  Engineering Bay  
  54  4:50  Engineering Bay  
  54  4:54  SCV  
  54  4:55  SCV  
  54  4:57  Starport Reactor  
  54  5:03  Supply Depot  
  54  5:05  Marine  
  54  5:06  SCV  
  54  5:07  SCV  
  57  5:16  Orbital Command  
  57  5:18  Terran Infantry Weapons Level 1, Terran Infantry Armor Level 1  
  57  5:19  Refinery  
  57  5:22  Refinery  
  57  5:24  Factory Tech Lab  
  57  5:25  Marine x2  
  59  5:29  Barracks  
  59  5:37  Supply Depot, Orbital Command  
  59  5:38  Barracks  
  59  5:41  Marine x3  
  59  5:42  SCV x2  
  64  5:46  Marine  
  64  5:47  Marine  
  66  5:54  SCV x2  
  66  5:55  Siege Tank  
  71  5:57  Medivac  
  71  5:58  Medivac  
  71  6:00  Supply Depot  
  71  6:04  SCV  
  76  6:06  SCV, Marine  
  76  6:07  SCV, Marine x3  
  76  6:09  Marine  
  83  6:16  SCV  
  84  6:18  SCV  
  84  6:19  SCV, Barracks Reactor  
  86  6:26  Barracks Reactor  
  86  6:28  Supply Depot, SCV  
  86  6:30  Supply Depot  
  86  6:31  SCV x2, Marine x5  
  94  6:36  Siege Tank  
  97  6:43  SCV x3  
  97  6:44  Combat Shields  
  100  6:50  Armory  
  100  6:55  SCV x2, Marine x4  
  100  6:56  Marine  
  107  7:01  SCV  
  107  7:04  Supply Depot  
  107  7:07  Medivac x2  
  107  7:08  SCV x2  
  114  7:17  SCV  
  114  7:20  SCV x2  
  114  7:21  Marine x7  
  123  7:29  Siege Tank  
  121  7:30  SCV  
  121  7:32  SCV x2  
  121  7:35  Refinery x2  
  115  7:46  Marine x7  
  115  7:47  Marauder, Marine  
  115  7:49  Medivac x2  
  125  7:58  Terran Infantry Weapons Level 2  
  109  8:00  Terran Infantry Armor Level 2  
  109  8:08  Concussive Shells  
  109  8:12  Command Center  
  109  8:19  Starport  
  109  8:22  Starport  
  109  8:24  Marine x8  
  109  8:25  Marine  
  118  8:28  Siege Tank  
  121  8:35  Barracks  
  121  8:38  Barracks  
  121  8:39  Supply Depot  
  121  8:40  Barracks  
  121  8:41  Terran Ship Weapons Level 1  
  121  8:43  Marauder  
  121  8:44  Fusion Core  
  123  8:48  Supply Depot  
  123  8:50  Supply Depot  
  123  8:51  Marine x6  
  123  8:52  Supply Depot, Marine  
  123  8:53  Marine  
  131  8:59  Starport Tech Lab  
  131  9:00  Starport Reactor  
  131  9:02  Siege Tank  
  133  9:14  Marine x7  
  133  9:15  Marauder, Marine  
  142  9:21  Supply Depot, Liberator x2  
  142  9:22  Supply Depot  
  142  9:27  Planetary Fortress  
  142  9:35  Barracks Tech Lab x2  
  142  9:36  Barracks Reactor, Advanced Ballistics  
  147  9:42  Refinery  
  147  9:43  Refinery  
  147  9:48  Command Center  
  147  9:50  Liberator x2  
  147  10:04  Marine  
  147  10:05  Marine x7  
  147  10:06  Marauder x3  
  165  10:18  Marine x2  
  165  10:20  Medivac  
  169  10:24  SCV x2  
  169  10:25  Terran Infantry Weapons Level 3, SCV  
  172  10:32  Terran Infantry Armor Level 3  
  158  10:53  Marauder x3, Marine x9  
  158  10:54  Marine  
  147  11:02  Barracks  
  141  11:05  Terran Ship Weapons Level 2, Barracks  
  141  11:07  Medivac  
  141  11:08  Medivac, Viking x2  
  141  11:09  Viking  
  141  11:10  Planetary Fortress  
  151  11:14  Marauder  
  153  11:22  Liberator x2  
  153  11:23  SCV x4  
  153  11:24  Sensor Tower  
  157  11:30  Missile Turret  
  157  11:35  Missile Turret  
  157  11:36  Missile Turret  
  157  11:39  Missile Turret  
  162  11:47  Marine x7  
  162  11:48  Marine x3  
  162  11:49  Marauder x3  
  162  11:54  Viking x2  
  160  12:04  Barracks Reactor, Barracks Tech Lab  
  152  12:12  SCV x3  
  152  12:13  Missile Turret, SCV, Marine  
  152  12:14  Marine x9  
  164  12:19  Marauder x3  
  170  12:36  Barracks  
  167  12:37  Barracks  
  167  12:40  Marine  
  167  12:41  Marine x11  
  167  12:42  Marauder x4  
  184  12:52  Viking x3  
  190  13:07  Viking  
  190  13:08  Viking  
  194  13:21  Viking  
  194  13:22  Viking x2, Missile Turret  
  194  13:23  Missile Turret  
  194  13:24  Missile Turret x2  
  199  13:31  Ghost Academy  
  199  13:34  Terran Ship Weapons Level 3  
  199  13:36  Starport  
  199  13:39  Starport  
  199  13:54  Hi-Sec Auto Tracking, Building Armor  
  199  13:58  Liberator x2  
  197  14:06  Missile Turret x3  
  187  14:15  Viking x3  
  195  14:20  Barracks Tech Lab  
  195  14:24  Starport Reactor  
  195  14:29  Starport Reactor  
  195  14:31  Command Center  
  195  14:39  Command Center  
  195  14:41  Command Center  
  195  14:46  Viking x2  
  195  14:59  Ghost x2  
  195  15:01  Moebius Reactor  
  199  15:13  Barracks  
  199  15:16  Barracks  
  198  15:34  Ghost x2  
  198  15:35  Liberator x2  
  191  15:46  Missile Turret  
  191  15:49  Missile Turret  
  191  15:50  Missile Turret  
  191  15:51  Sensor Tower, Missile Turret x2  
  191  15:52  Missile Turret x2  
  194  15:57  Orbital Command  
  194  15:58  Nuke  
  194  16:02  Command Center  
  194  16:03  Command Center  
  194  16:11  Terran Vehicle And Ship Armor Level 1  
  194  16:12  Planetary Fortress  
  181  16:35  Ghost  
  181  16:36  Liberator x3, Ghost x5  
  181  16:38  Liberator x2  
  185  16:45  Missile Turret x2  
  174  16:47  Missile Turret  
  174  16:50  Barracks Reactor, Barracks Tech Lab  
  187  17:01  Missile Turret x2  
  187  17:03  Sensor Tower  
  187  17:17  Orbital Command  
  187  17:18  Orbital Command  
  187  17:28  Viking x4  
  195  17:38  Missile Turret  
  195  17:39  Missile Turret  
  195  17:40  Missile Turret  
  191  17:52  Planetary Fortress  
  186  18:17  Ghost x4  
  186  18:18  Ghost x2  
  198  18:23  Missile Turret  
  198  18:24  Missile Turret  
  198  18:25  Missile Turret  
  198  18:26  Missile Turret x2  
  195  18:27  Missile Turret  
  187  18:43  Nuke  
  184  18:50  Ghost Academy x2, Terran Vehicle And Ship Armor Level 2  
  184  18:51  Ghost Academy x2  
  184  19:10  Command Center x2  
  184  19:15  Command Center  
  184  19:28  Nuke x4  
  184  19:33  Ghost x3  
  184  19:35  Viking  
  184  19:36  Viking x5  
  200  19:54  Missile Turret x2  
  200  19:56  Missile Turret  
  200  19:57  Missile Turret  
  200  19:58  Missile Turret  
  200  20:10  Nuke  
  195  20:43  Orbital Command x2  
  195  20:49  Unknown x2  
  195  20:50  Unknown x8  
  195  20:51  Unknown x2  
  195  21:05  Ghost x2  
  197  21:13  Nuke  
  197  21:18  Ghost Academy  
  197  21:19  Ghost Academy  
  197  21:21  Ghost Academy  
  197  21:26  Ghost Academy  
  191  21:34  Planetary Fortress  
  191  21:46  Missile Turret  
  191  21:48  Sensor Tower, Missile Turret  
  191  21:49  Missile Turret  
  191  21:50  Missile Turret x2  
  191  21:51  Missile Turret  
  191  21:52  Missile Turret  
  191  21:53  Ghost x4  
  191  21:54  Ghost x2  
  200  22:08  Command Center x2, Refinery x2  
  200  22:09  Refinery  
  200  22:10  Refinery  
  187  22:28  Ghost x2  
  187  22:29  Ghost x2  
  181  22:30  Marauder x3, Marine x6  
  175  22:43  Medivac x2, Viking x2  
  175  22:44  Marine x4  
  175  22:45  Marine x4  
  175  22:47  Marine  
  175  22:48  Marine x4  
  182  22:51  Marauder x2  
  180  23:13  Ghost x2  
  184  23:22  Refinery x2  
  184  23:31  Viking x3  
  190  23:41  Viking  
  190  24:06  Viking x5  
  198  24:25  Unknown x5  
  198  24:26  Unknown x7  
  198  24:30  Refinery  
  183  24:32  Refinery  
  175  24:57  Viking x3  
  175  24:58  Viking  
  179  25:04  Ghost  
  179  25:05  Ghost x2  
  175  25:27  Marine x12  
  175  25:28  Marine  
  188  25:29  Marauder x4, Orbital Command  
  188  25:34  Marauder x2  
  197  25:36  Missile Turret  
  197  25:37  Missile Turret  
  197  25:39  Missile Turret  
  197  25:40  Missile Turret  
  197  25:42  Refinery  
  190  25:50  Marauder x4  
  190  25:55  Marauder x2  
  198  26:02  Command Center  
  198  26:03  Missile Turret x2  
  196  26:08  Missile Turret  
  196  26:11  Marauder  
  196  26:12  Marauder  
  195  26:53  Refinery  
  195  26:57  Refinery  
  195  27:01  Missile Turret, Planetary Fortress  
  187  27:04  Missile Turret  
  187  27:06  Sensor Tower, Missile Turret x2  
  187  27:07  Missile Turret x2  
  180  27:08  Missile Turret  
  180  27:09  Missile Turret  
  180  27:10  Marauder, Marine x4  
  180  27:11  Marauder x2, Marine x10  
  200  27:31  Unknown  
  200  27:32  Unknown x3  
  200  27:37  Unknown x4  
  200  27:38  Unknown x4  
  191  27:44  Terran Vehicle And Ship Armor Level 3  
  191  27:48  Nuke  
  191  27:49  Nuke x4  
  191  27:50  Nuke x4  
  190  27:53  Marauder x5  
  197  28:20  Marauder x6  
  192  28:34  Command Center  
  192  28:35  Command Center  
  192  28:37  Command Center  
  190  28:42  Marine x10  
  186  29:24  Marauder x5, Marine x6  
  186  29:25  Marauder, Marine x2  
  187  29:50  Orbital Command x2  
  181  30:27  Marauder x3, Marine x4  
  181  30:28  Marauder x2, Marine x7  
  192  30:43  Missile Turret  
  192  30:44  Missile Turret  
  192  30:45  Missile Turret  
  176  30:58  Marauder x2, Marine  
  176  30:59  Marauder x3, Marine x3  
  170  31:20  Viking  
  170  31:21  Viking x6  
  170  31:23  Marauder x7, Marine x2  
  200  31:44  Marauder  
  200  31:45  Marauder x2  
  187  31:57  Marauder x2, Marine  
  187  31:58  Marauder x2, Marine x8  
  187  31:59  Liberator x5  
  198  32:06  Marauder  
  185  32:15  Marauder  
  185  32:16  Marauder  
  198  32:43  Marauder x3  
  178  32:59  Orbital Command  
  178  33:00  Marauder x4, Marine x3  
  178  33:04  Marauder  
  178  33:05  Marauder, Marine x9  
  185  33:30  Marauder x4, Marine x5  
  179  34:07  Marauder x3, Marine x4  
  179  34:08  Marauder x2, Marine x5  
  174  34:46  Unknown x3  
  174  34:47  Unknown x2  
  174  34:48  Unknown x3  
  174  34:51  Marauder x2  
  174  34:52  Marauder, Marine x15  
  194  34:59  Unknown  
  182  35:08  Viking x3  
  182  35:09  Medivac x2  
  174  35:49  Ghost x4  
  173  35:50  Ghost  
  151  36:16  Planetary Fortress  
  151  36:21  Ghost  
  151  36:22  Ghost  
  151  36:24  Medivac x3  
  151  36:25  Medivac, Marine  
  161  36:26  Marine x11  
  161  36:27  Marauder x5  
  161  36:29  Orbital Command  
  172  36:48  Marauder  
  171  37:10  Orbital Command  
  170  37:19  Ghost x5  
  174  37:42  Marine  
  174  37:43  Marine x10  
  174  37:44  Marine  
  186  37:45  Marauder x2  
  186  37:48  Marauder x4  
  186  37:49  Marauder  
  200  37:59  Unknown x2  
  200  38:00  Unknown x7  
  198  38:10  Viking x2  
  196  39:29  Orbital Command  
  196  39:40  Supply Depot  
  196  39:41  Supply Depot  
  195  40:14  Orbital Command  
  188  40:24  Marauder x4, Marine  
  195  40:35  Marauder x3, Marine x9  
  191  40:45  Marauder x2  
  191  41:00  Marauder x4, Marine  
  191  41:02  Missile Turret  
  144  42:10  Marine x2  
  144  42:12  Marauder, Marine x2  
  144  42:14  Supply Depot x2  
  144  42:15  Supply Depot x2, Marauder  
  131  42:16  Supply Depot x3  
  131  42:17  Supply Depot  
  131  42:32  Orbital Command  
  131  42:35  Marine x8  
  131  42:36  Marauder x5  
  149  42:41  Medivac  
  149  42:42  Medivac x4  
  159  42:57  Marauder  
  161  43:05  Ghost x3  
  167  43:18  Unknown x12  
  161  43:24  Marine x3  
  163  43:30  Orbital Command  
Tags
 
Add a new tag
Caveats
  • Supply blocks, unpowered buildings, or Contaminate may cause inaccurate times.
  • Supply counts are checked every 10 seconds.